 Dungeon Crawl Stone Soup version 0.20-a0-344-g34bdcb4 (webtiles) character file.

106 RonnieColeman the Conjurer (level 4, -2/27 HPs)
             Began as an Octopode Conjurer on Dec 22, 2016.
             Slain by Natasha (5 damage)
             ... on level 2 of the Dungeon.
             The game lasted 00:04:02 (1774 turns).

RonnieColeman the Conjurer (Octopode Conjurer)      Turns: 1774, Time: 00:04:02

Health: -2/27      AC:  1    Str:  7    XL:     4   Next: 84%
Magic:  9/9        EV: 13    Int: 18    God:
Gold:   149        SH:  0    Dex: 12    Spells: 9/10 levels left

rFire  . . .     SeeInvis .     m - +0 short sword
rCold  . . .     Gourm    .     (no shield)
rNeg   . . .     Faith    .     (helmet restricted)
rPois  .         Spirit   .     (no amulet)
rElec  .         Reflect  .     k - ring of flight
rCorr  .         Harm     .     (no ring)
MR     .....                    (no ring)
Stlth  +++.......               (no ring)
                                (no ring)
                                (no ring)
                                (no ring)
                                (no ring)

@: no status effects
A: almost no armour, stealthy swim, amphibious, 8 rings, constrict 8, camouflage
1, gelatinous body 1
a: Evoke Flight


You were on level 2 of the Dungeon.
You were not hungry.

You visited 1 branch of the dungeon, and saw 2 of its levels.

You collected 149 gold pieces.

Inventory:

Hand Weapons
 e - a +0 dagger
 m - a +0 short sword (weapon)
Jewellery
 k - a ring of flight (left tentacle)
Scrolls
 c - a scroll of magic mapping {unknown}
 f - 4 scrolls of fog {unknown}
 g - a scroll of amnesia {unknown}
 j - 2 scrolls of enchant weapon {unknown}
 n - a scroll of fear {unknown}
 q - a scroll of identify {unknown}
 r - 2 scrolls of immolation {unknown}
 u - 2 scrolls of teleportation {unknown}
Potions
 d - a potion of heal wounds {unknown}
 h - a potion of agility {unknown}
 i - a potion of magic {unknown}
 l - a potion of curing
 o - a potion of ambrosia {unknown}
 p - a potion of might {unknown}
 t - a potion of cancellation {unknown}
Books
 a - a book of Conjurations

   Spells                             Type                      Level
   a - Magic Dart                     Conjuration                  1
   b - Searing Ray                    Conjuration                  2
   c - Dazzling Spray                 Conjuration/Hexes            3
   d - Fulminant Prism                Conjuration/Hexes            4
   e - Iskenderun's Mystic Blast      Conjuration                  4
   f - Iskenderun's Battlesphere      Conjuration/Charms           5
Comestibles
 b - a bread ration
 s - a chunk of flesh


   Skills:
 - Level 2.0 Dodging
 - Level 2.6 Stealth
 * Level 3.8 Spellcasting
 + Level 4.7 Conjurations


You had 9 spell levels left.
You knew the following spells:

 Your Spells              Type           Power        Failure   Level  Hunger
a - Magic Dart            Conj           ###.         1%          1    None


Dungeon Overview and Level Annotations

Branches:
Dungeon (2/15)

Altars:

Annotations:
D:2 Natasha


Innate Abilities, Weirdness & Mutations

You cannot wear most types of armour.
You are very stealthy in the water. (Stealth+)
You are amphibious.
You can wear up to eight rings at the same time.
You can use your tentacles to constrict eight enemies at once.
Your skin changes colour to match your surroundings (Stealth+).
Your rubbery body absorbs attacks. (AC +1, EV +1)


Message History

There is a faded altar of an unknown god here.
Natasha, Servant of Life and Death comes into view.
Natasha hisses angrily.
You hit Natasha but do no damage. Your grab misses Natasha. Natasha claws you!
Natasha claws you.
You hit Natasha but do no damage. Your grab misses Natasha.
Your squeeze misses Natasha. Natasha claws you!
* * * LOW HITPOINT WARNING * * *
You hit Natasha but do no damage. You grab Natasha. You squeeze Natasha!
Natasha is heavily wounded.
You constrict Natasha, but do no damage.
Natasha barely misses you.
You hit Natasha.
Natasha is heavily wounded.
You constrict Natasha, but do no damage.
Natasha closely misses you.
You barely miss Natasha.
Natasha is heavily wounded.
You constrict Natasha. Natasha claws you.
You die...

#(..))......##........#
#..##.#####.##....8...#
#.###.# #.##...8.8..# #.#
...####.....8._.8.## #.#
.>...........8.8...# ####
#(##...###........8....#
...###.#########............#
.......# #...........###...#
......(# #.####@##........##
.......####. #h##...######
............. ..######
.......###... ...#
........... ######
.......#### ....#### #...#
....#


You could see Natasha.

Vanquished Creatures
  Ijyb (D:2)
  2 adders (D:2)
  A leopard gecko (D:2)
  5 bats
  2 giant cockroaches
  16 goblins
  5 hobgoblins
  8 jackals (D:2)
  8 kobolds
  5 frilled lizards
  2 rats
55 creatures vanquished.

Notes
Turn   | Place    | Note
-------+----------+-------------------------------------------
     0 | D:1      | RonnieColeman the Octopode Conjurer began the quest for the Orb.
     0 | D:1      | Reached XP level 1. HP: 11/11 MP: 3/3
   182 | D:1      | Reached XP level 2. HP: 17/17 MP: 1/5
   786 | D:2      | Reached XP level 3. HP: 21/21 MP: 1/7
  1370 | D:2      | Reached XP level 4. HP: 24/27 MP: 8/8
  1382 | D:2      | Noticed Ijyb
  1398 | D:2      | Killed Ijyb
  1746 | D:2      | Found a faded altar of an unknown god.
  1768 | D:2      | Noticed Natasha
  1774 | D:2      | Slain by Natasha

Vault maps used:
D:1:      moated_graveyard_arrival
D:2:      kennysheep_goblin_castle, chequers_ecumenical_altar_simple_redux,
          kennysheep_minor_cross, grunt_ministairs_3, minmay_misc_feat_tower,
          uniq_natasha

Skill      XL: |  1  2  3 |
---------------+----------+-----
Spellcasting   | 3 |  3.8
Dodging        | |  2.0
Stealth        | |  2.6
Conjurations   | |  4.7

Action                   |  1- 3 |  4- 6 || total
-------------------------+-------+-------++-------
Melee: Dagger            |    43 |       ||    43
       Constrict         |    21 |     7 ||    28
       Tentacles         |    11 |     4 ||    15
       Short sword       |    42 |    26 ||    68
 Cast: Magic Dart        |    11 |    16 ||    27
  Use: Potion            |       |     1 ||     1
 Stab: Sleeping          |    13 |       ||    13
  Eat: Chunk             |     2 |     1 ||     3
Armor: Skin              |    10 |     2 ||    12
Dodge: Dodged            |    56 |    20 ||    76
